 Dungeon Crawl Stone Soup version 0.31-a0-358-gac0dbeb3ab (webtiles) character file.

Game seed: 3939206475904441610

315 innerfire43 the Chopper (level 6, -3/48 HPs)
             Began as a Demonspawn Monk on July 25, 2023.
             Was a Priest of Makhleb.
             Slain by an ice beast (14 damage)
             ... on level 3 of the Dungeon.
             The game lasted 00:03:38 (2557 turns).

innerfire43 the Chopper (Demonspawn Monk)           Turns: 2557, Time: 00:03:39

Health: -3/48      AC:  6    Str: 13    XL:     6   Next: 20%
Magic:  7/7        EV: 13    Int: 12    God:    Makhleb [***...]
Gold:   151        SH:  0    Dex: 15    Spells: 5/5 levels left

rFire   . . .        a - +0 hand axe
rCold   . . .        d - orb {light}
rNeg    . . .        j - +2 animal skin
rPois   .            (helmet restricted)
rElec   .            (no cloak)
rCorr   .            (no gloves)
SInv    .            (no boots)
Will    .....        (no amulet)
Stlth   +            (no ring)
HPRegen 0.28/turn    (no ring)
MPRegen 0.10/turn

%: no passive effects
@: glowing
A: horns 1, yellow scales 1, ignite blood 2, spiny 1
a: Renounce Religion, Minor Destruction, Lesser Servant of Makhleb


You were on level 3 of the Dungeon.
You worshipped Makhleb.
Makhleb was most pleased with you.
You visited 1 branch of the dungeon, and saw 3 of its levels.

You collected 151 gold pieces.

Inventory:

Hand Weapons
 a - a +0 hand axe (weapon)
Missiles
 l - 2 javelins
Armour
 b - a +0 robe
 d - an orb of light (worn)
 j - a +2 animal skin (worn)
Jewellery
 m - a ring of fire
Wands
 c - a wand of polymorph (6)
 o - a wand of charming (7)
Scrolls
 e - 2 scrolls of fear {unknown}
 i - 3 scrolls of teleportation {unknown}
 k - a scroll of silence {unknown}
 n - a scroll of blinking {unknown}
 p - a scroll of vulnerability {unknown}
Potions
 f - a potion of mutation {unknown}
 g - a potion of brilliance {unknown}
 h - a potion of degeneration {unknown}


   Skills:
 + Level 4.2 Fighting
 + Level 4.6 Axes
 + Level 3.9 Dodging
 * Level 2.2 Invocations


You had 5 spell levels left.
You didn't know any spells.
Your spell library contained the following spells:

 Spells                   Type           Power      Damage    Failure   Level
 Animate Armour           Summ/Erth      0%         N/A       97%         4
 Summon Lightning Spire   Summ/Air       0%         N/A       97%         4
 Lee's Rapid Deconstruct  Erth           0%         3d4*      100%        5


Dungeon Overview and Level Annotations

Branches:
Dungeon (3/15)

Altars:
Makhleb

Shops:
D:1 =


Innate Abilities, Weirdness & Mutations

You have a pair of small horns on your head.
You are partially covered in yellow scales. (AC +2)
Your demonic aura often causes spilled blood to erupt in flames.
You are partially covered in sharp spines.


Message History

Natasha is engulfed in blazing flames.
You kill Natasha!
Makhleb accepts your kill.
You feel Natasha's spirit has finally been put to rest.
No target in view!
You feel yourself speed up.
i - 3 scrolls labelled ZUOZ ITIPYLU (gained 1)
Found a stone staircase leading down.
No target in view!
There is a stone staircase leading down here.
Found a halberd.
No target in view!
No target in view!
An ice beast comes into view.
An ice beast is nearby!
You barely miss the ice beast. The ice beast hits you.
The ice beast freezes you!
An ice beast is nearby!
You hit the ice beast.
The ice beast is lightly wounded.
The ice beast barely misses you. The ice beast hits you.
The ice beast freezes you.
An ice beast is nearby!
You hit the ice beast. You headbutt the ice beast.
The ice beast is moderately wounded.
The ice beast closely misses you.
Aiming: Minor Destruction (7% risk of failure)
Press: ? - help, Shift-Dir - straight line, f - ice beast
Aim: an ice beast (moderately wounded, haloed)
The puff of flame hits the ice beast but does no damage.
The ice beast is moderately wounded.
The ice beast hits you. The ice beast freezes you!
* * * LOW HITPOINT WARNING * * *
Aiming: Minor Destruction (7% risk of failure)
Press: ? - help, Shift-Dir - straight line, f/p - ice beast
Aim: an ice beast (moderately wounded, haloed)
The zap misses the ice beast.
The ice beast hits you.
* * * LOW HITPOINT WARNING * * *
The ice beast freezes you!
You die...

##### #..)# ##...#
.....####
........#
........##########
.................#
#........######@#
#...####.# #Y#
#...# #.# #.#
#.#.# #.# #..
#.#.# #.# #..
...8..... #.#.#
#.# #...
.......... #.#.#
#.#
##.......8.....8..
#.#.# #.#
................
#.#.# #.#
#.#.#....8.....


You could see an ice beast.

Vanquished Creatures
  An orc priest (D:3)
  Ijyb (D:3)
  Natasha (thrice) (D:3)
  Terence (D:3)
  An orc wizard (D:3)
  Robin (D:2)
  4 adders
  2 worms (D:2)
  2 dart slugs (D:1)
  An orc (D:3)
  5 ball pythons
  2 bats
  4 endoplasms
  2 giant cockroaches (D:1)
  16 goblins
  10 hobgoblins
  4 jackals (D:2)
  4 kobolds
  2 quokkas (D:2)
  3 frilled lizards
  8 rats
77 creatures vanquished.

Notes
Turn   | Place    | Note
-------+----------+-------------------------------------------
     0 | D:1      | innerfire43 the Demonspawn Monk began the quest for the
                  | Orb.
     0 | D:1      | Reached XP level 1. HP: 18/18 MP: 1/1
   162 | D:1      | Found Amuese's Jewellery Boutique.
   233 | D:1      | Gained mutation: You are partially covered in sharp spines.
                  | [demonic ancestry]
   233 | D:1      | Reached XP level 2. HP: 20/24 MP: 2/2
   728 | D:1      | Found a faded altar of an unknown god.
   841 | D:1      | Prayed at the altar of an unknown god.
   841 | D:1      | Became a worshipper of Makhleb the Destroyer
   841 | D:1      | Reached * piety under Makhleb
   841 | D:1      | Reached ** piety under Makhleb
  1089 | D:2      | Gained mutation: Your demonic aura sometimes causes spilled
                  | blood to erupt in flames. [demonic ancestry]
  1089 | D:2      | Reached XP level 3. HP: 29/29 MP: 3/3
  1226 | D:2      | Reached *** piety under Makhleb
  1408 | D:2      | Noticed Robin
  1418 | D:2      | Gained mutation: You have a pair of small horns on your
                  | head. [demonic ancestry]
  1418 | D:2      | Reached XP level 4. HP: 24/35 MP: 4/4
  1448 | D:2      | Killed Robin
  1864 | D:3      | Noticed Terence
  1881 | D:3      | Killed Terence
  1968 | D:3      | Noticed Ijyb
  1994 | D:3      | Killed Ijyb
  1995 | D:3      | Gained mutation: You are partially covered in yellow
                  | scales. (AC +2) [demonic ancestry]
  1995 | D:3      | Reached XP level 5. HP: 24/42 MP: 5/5
  2121 | D:3      | Reached skill level 1 in Invocations
  2173 | D:3      | Noticed Natasha
  2179 | D:3      | Killed Natasha
  2308 | D:3      | Noticed Natasha
  2315 | D:3      | Killed Natasha
  2316 | D:3      | Gained mutation: Your demonic aura often causes spilled
                  | blood to erupt in flames. [demonic ancestry]
  2316 | D:3      | Reached XP level 6. HP: 34/48 MP: 7/7
  2398 | D:3      | Noticed Natasha
  2403 | D:3      | Killed Natasha
  2551 | D:3      | Noticed an ice beast
  2557 | D:3      | Slain by an ice beast

Illustrated notes

Levels and vault maps discovered:
D:1:      dpeg_arrival_orchard, layout_loops_corners, serial_shops,
          nicolae_shop_gibbet_a_chance, shapermc_ecumenical_altar_totnotflames
D:2:      minmay_chambers_of_twos, layout_basic, chequers_serial_rivers_micro_d,
          uniq_robin
D:3:      layout_loops_ring, kennysheep_doodads, nicolae_half_adder,
          uniq_natasha, uniq_terence, uniq_ijyb

Skill      XL: |  1  2  3  4  5  6 |
---------------+-------------------+-----
Axes           | 3 4 |  4.6
Dodging        | 3 |  3.9
Fighting       | 4 |  4.2
Invocations    | 1 2 |  2.2

Action                     |  1- 3 |  4- 6 || total
---------------------------+-------+-------++-------
  Melee: Hand axe          |    87 |    85 ||   172
         Unarmed           |       |    17 ||    17
         Headbutt          |       |    20 ||    20
  Throw: Javelin           |     2 |       ||     2
 Invoke: Minor Destruction |       |     2 ||     2
    Use: Potion            |       |     1 ||     1
   Stab: Sleeping          |       |     1 ||     1
 Armour: Robe              |    16 |     1 ||    17
         Animal skin       |       |    11 ||    11
         Skin              |       |     5 ||     5
  Dodge: Dodged            |    42 |    73 ||   115

Table legend: (Time is in decaauts)
 A = Elapsed time spent in this place.
 B = Non-inter-level travel time spent in this place.
 C = Inter-level travel time spent in this place.
 D = Time resting spent in this place.
 E = Time spent auto-exploring this place.
 F = Levels seen in this place.
 G = Mean time per level.
                   A        B        C        D        E       F      G
               +--------+--------+--------+--------+--------+-----+--------+
         Total |   2589 |   2517 |     72 |      0 |   2048 |   3 |  863.0 |
       Dungeon |   2589 |   2517 |     72 |      0 |   2048 |   3 |  863.0 |
               +--------+--------+--------+--------+--------+-----+--------+

Top non-repeatable levels by time:
     D:1: 1081 daAuts
     D:2: 797 daAuts
     D:3: 710 daAuts
